 Dungeon Crawl Stone Soup version 0.21-a0-140-g479285b (webtiles) character file.

7047 drasked the Severer (level 10, 0/94 HPs)
             Began as a Minotaur Berserker on July 21, 2017.
             Was a High Priest of Trog.
             Slain by a nine-headed hydra (2 damage)
             ... on level 1 of the Lair of Beasts.
             The game lasted 00:21:32 (8620 turns).

drasked the Severer (Minotaur Berserker)            Turns: 8620, Time: 00:21:32

Health: 0/94       AC: 21    Str: 26    XL:     10   Next: 83%
Magic:  18/18      EV:  9    Int:  7    God:    Trog [*****.]
Gold:   307        SH:  3    Dex:  9    Spells: 9/9 levels left

rFire    . . .     SeeInvis .   b - +0 war axe
rCold    . . .     Gourm    .   (no shield)
rNeg     . . .     Faith    .   D - +5 chain mail of the Wilderness {MR+ Str+3 Stlth+}
rPois    .         Spirit   .   (helmet restricted)
rElec    .         Reflect  +   (no cloak)
rCorr    .         Harm     .   M - +0 pair of gloves
MR       +....                  o - +0 pair of boots
Stlth    ..........             L - +3 amulet of reflection
HPRegen  0.25/turn              t - ring of magical power {MP+9}
MPRegen  0.16/turn              p - +4 ring of protection

@: no status effects
A: retaliatory headbutt, horns 2
a: Berserk, Trog's Hand, Brothers in Arms, Burn Spellbooks, Renounce Religion


You were on level 1 of the Lair of Beasts.
You worshipped Trog.
Trog was extremely pleased with you.
You were hungry.

You visited 2 branches of the dungeon, and saw 9 of its levels.
You also visited: Ossuary.

You collected 450 gold pieces.
You spent 143 gold pieces at shops.

Inventory:

Hand Weapons
 b - a +0 war axe (weapon)
   (You took it off an orc on level 4 of the Dungeon)
Armour
 o - a +0 pair of boots (worn)
   (You found it on level 2 of the Dungeon)
 u - the +0 plate armour "Kupsuikk" {Int+4}
   (You found it on level 5 of the Dungeon)

   It affects your intelligence (+4).
 D - the +5 chain mail of the Wilderness (worn) {MR+ Str+3 Stlth+}
   (You found it on level 6 of the Dungeon)

   It affects your strength (+3).
   It affects your resistance to hostile enchantments.
   It makes you more stealthy.
 M - a +0 pair of gloves (worn)
   (You found it on level 7 of the Dungeon)
Jewellery
 d - an uncursed ring of resist corrosion {unknown}
   (You found it on level 1 of the Lair of Beasts)
 p - a +4 ring of protection (right hand)
   (You found it on level 2 of the Dungeon)
 t - a ring of magical power (left hand) {MP+9}
   (You found it on level 6 of the Dungeon)
 L - a +3 amulet of reflection (around neck)
   (You found it on level 7 of the Dungeon)
Wands
 f - a wand of iceblast (2/15)
   (You found it on level 6 of the Dungeon)
 n - a wand of random effects (18/48)
   (You found it on level 2 of the Dungeon)
 y - a wand of disintegration (6/24)
   (You found it on level 3 of the Dungeon)
 z - a wand of flame (19/48)
   (You took it off a kobold on level 5 of the Dungeon)
 N - a wand of paralysis (18/24)
   (You found it on level 7 of the Dungeon)
 U - a wand of confusion (24/48)
   (You found it on level 8 of the Dungeon)
 V - a wand of random effects (36/48)
   (You found it on level 8 of the Dungeon)
Scrolls
 e - a scroll of fog
 j - 3 scrolls of immolation {!r}
 q - 2 scrolls of amnesia
 r - 3 scrolls of remove curse
 E - 4 scrolls of teleportation
 H - a scroll of blinking {!r}
 O - a scroll of enchant weapon
 R - a scroll of fear
Potions
 g - a potion of agility
 h - 5 potions of lignification {!q}
 i - 6 potions of curing
 l - 6 potions of degeneration {!q}
 w - 7 potions of heal wounds
 x - a potion of magic
 A - 2 potions of mutation {!q}
 C - 2 potions of brilliance
 I - a potion of haste
 K - 2 potions of berserk rage {!q}
 P - a potion of flight
Books
 F - the Almanac of Summoning
   (You found it on level 6 of the Dungeon)

   Spells                             Type                      Level
   a - Summon Small Mammal            Summoning                    1
   b - Call Canine Familiar           Summoning                    3
   c - Spellforged Servitor           Conjuration/Summoning        7
   d - Dragon's Call                  Summoning                    9
   Trog disapproves of the use of such an item.
 G - a book of Power
   (You found it on level 7 of the Dungeon)
Comestibles
 c - 8 bread rations {@e1}
 m - 9 meat rations {@e2}
 v - 15 fruits
 B - 12 royal jellies


   Skills:
 - Level 10.6 Fighting
 * Level 15.9 Axes
 + Level 5.2 Armour
 - Level 2.1 Dodging


You had 9 spell levels left.
You didn't know any spells.

Dungeon Overview and Level Annotations

Branches:
Dungeon (8/15)             Temple (0/1) D:6            Lair (1/6) D:8

Altars:
Ashenzari
Cheibriados
Elyvilon
Kikubaaqudgha
Okawaru
Ru
Sif Muna
Trog
Vehumet
Xom
Yredelemnul

Shops:
D:4 (   D:6 %   D:7 =}**!


Innate Abilities, Weirdness & Mutations

You reflexively headbutt those who attack you in melee.
You have a pair of horns on your head.


Message History

A water moccasin is nearby!
You block the water moccasin's attack.
You barely miss the water moccasin.
Your headbutt misses the water moccasin.
The water moccasin bites you!
You are poisoned.
The water moccasin poisons you!
You take 7 damage, and have 62/94 hp.
You closely miss the water moccasin.
Your headbutt misses the water moccasin.
You feel sick. The water moccasin barely misses you. You furiously retaliate!
You headbutt the water moccasin, but do no damage.
You take 1 damage, and have 61/94 hp.
You hit the water moccasin.
You feel sick.
The water moccasin bites you but does no damage.
You take 1 damage, and have 60/94 hp.
Your chain mail of the Wilderness prevents you from hitting the water moccasin.
Your headbutt misses the water moccasin.
You feel sick. The water moccasin barely misses you.
You take 1 damage, and have 59/94 hp.
You slash the water moccasin!
You feel sick. The water moccasin barely misses you.
You take 1 damage, and have 58/94 hp.
You slice the water moccasin!!
You kill the water moccasin!
Trog accepts your kill.
No target in view!
No target in view!
You start resting.
You feel sick. x14
You are no longer poisoned.
You take 7 damage, and have 52/94 hp.
You start resting.
You are feeling hungry.
You may need something to eat soon, looking for food.
Can't find anything matching that.
Okay, then.
You regained 25 hp, and now have 77/94 hp.
A seven-headed hydra comes into view.
The seven-headed hydra roars!
You see here a scroll of teleportation.
A seven-headed hydra is nearby!
A seven-headed hydra is nearby!
A seven-headed hydra is nearby!
A seven-headed hydra is nearby!
A seven-headed hydra is nearby!
The seven-headed hydra bites you but does no damage.
The seven-headed hydra bites you!
The seven-headed hydra bites you but does no damage.
The seven-headed hydra bites you.
You block the seven-headed hydra's attack.
The seven-headed hydra barely misses you.
The seven-headed hydra bites you.
You take 14 damage, and have 64/94 hp.
You slice one of the seven-headed hydra's heads off!
The six-headed hydra grows two more!
You slice the eight-headed hydra!!
The eight-headed hydra bites you but does no damage. x2
You block the eight-headed hydra's attack.
The eight-headed hydra bites you but does no damage.
The eight-headed hydra barely misses you.
The eight-headed hydra bites you!
The eight-headed hydra bites you but does no damage.
The eight-headed hydra barely misses you.
You take 7 damage, and have 57/94 hp.
You lop one of the eight-headed hydra's heads off!
The seven-headed hydra grows two more!
You hit the nine-headed hydra. You barely miss the nine-headed hydra.
You headbutt the nine-headed hydra.
The nine-headed hydra bites you but does no damage. x5
You block the nine-headed hydra's attack.
The nine-headed hydra bites you!
The nine-headed hydra bites you but does no damage.
The nine-headed hydra bites you.
You take 13 damage, and have 44/94 hp.
You are too injured to fight recklessly!
A nine-headed hydra is nearby!
Your ogre goes berserk!
You feel quite a bit more hungry.
The nine-headed hydra bites you but does no damage.
The nine-headed hydra bites you!
The nine-headed hydra bites you but does no damage. x2
The nine-headed hydra bites you!
* * * LOW HITPOINT WARNING * * *
The nine-headed hydra bites you!
* * * LOW HITPOINT WARNING * * *
The nine-headed hydra bites you but does no damage.
The nine-headed hydra closely misses you. x2
You take 27 damage, and have 17/94 hp.
MASSIVE DAMAGE!!
Your ogre hits the nine-headed hydra with a giant spiked club!!
The nine-headed hydra bites you but does no damage.
The nine-headed hydra barely misses you.
The nine-headed hydra bites you.
* * * LOW HITPOINT WARNING * * *
The nine-headed hydra barely misses you.
The nine-headed hydra bites you but does no damage.
The nine-headed hydra barely misses you.
The nine-headed hydra bites you!
* * * LOW HITPOINT WARNING * * *
You block the nine-headed hydra's attack.
The nine-headed hydra bites you.
You die...

+.....##
#......#
#.....#
#.....##
#.....P#
#.....##
##[.O...#
#...D..##
##...@.#
####+.#
#...##
#.#.#
#.### ##.#
##..######
#....>}..#
##.......#


You could see a nine-headed hydra and a friendly ogre (berserk).

Vanquished Creatures
  2 two-headed ogres (D:8)
  The ghost of p0werm0de the Magician, a novice OpAE (D:7)
  A black mamba (Lair:1)
  A spiny frog (Lair:1)
  A komodo dragon (Lair:1)
  A hornet (D:8)
  A wyvern (D:8)
  A wraith (Ossuary)
  Edmund (D:6)
  A soldier ant (D:8)
  A water moccasin (Lair:1)
  An orc warrior (D:8)
  2 ice beasts (D:7)
  3 phantoms
  2 centaurs
  7 ogres
  Blork the orc (D:6)
  5 bullfrogs
  A water moccasin zombie (D:5)
  2 scorpions
  4 killer bees (D:8)
  A howler monkey (D:4)
  2 wights (D:7)
  3 crimson imps
  2 centaur zombies (D:8)
  3 hounds
  A bullfrog zombie (D:5)
  3 orc wizards
  2 orc priests
  A gnoll shaman (D:5)
  2 bullfrog skeletons
  4 iguanas
  13 worker ants
  A killer bee zombie (D:7)
  A hound skeleton (D:7)
  A mummy (Ossuary)
  11 gnolls
  15 adders
  A shadow imp (D:5)
  2 oozes (D:1)
  An adder skeleton (D:6)
  9 worms
  3 leopard geckos
  31 orcs
  A ball python (D:3)
  6 giant cockroaches
  12 goblins
  16 hobgoblins
  5 jackals
  5 quokkas
  7 bats
  A frilled lizard (D:4)
  8 gnoll skeletons (Ossuary)
  2 goblin zombies (D:7)
  3 jackal skeletons (D:4)
  A jackal zombie (D:7)
  15 kobolds
  6 kobold skeletons (Ossuary)
  A leopard gecko zombie (D:8)
  11 orc skeletons (Ossuary)
  8 rats
261 creatures vanquished.

Vanquished Creatures (collateral kills)
  Menkaure (D:6)
  An orc warrior (D:6)
  A wight (D:7)
  2 orc wizards (D:6)
  A howler monkey zombie (D:6)
6 creatures vanquished.

Grand Total: 267 creatures vanquished

Notes
Turn   | Place    | Note
-------+----------+-------------------------------------------
     0 | D:1      | drasked the Minotaur Berserker began the quest for the Orb.
     0 | D:1      | Reached XP level 1. HP: 19/19 MP: 0/0
    73 | D:1      | Reached skill level 4 in Axes
    81 | D:1      | Reached XP level 2. HP: 22/27 MP: 1/1
   192 | D:1      | Reached skill level 4 in Fighting
   491 | D:1      | Reached ** piety under Trog
   491 | D:1      | Reached XP level 3. HP: 33/33 MP: 2/2
   884 | D:2      | Reached skill level 5 in Axes
  1118 | D:2      | Found a faded altar of an unknown god.
  1355 | D:2      | Reached XP level 4. HP: 41/41 MP: 3/3
  1938 | D:3      | Found a shimmering altar of Xom.
  1966 | D:3      | Found a deep blue altar of Sif Muna.
  2375 | D:4      | Reached skill level 6 in Axes
  2425 | D:4      | Reached XP level 5. HP: 39/47 MP: 4/4
  2463 | D:4      | Reached *** piety under Trog
  2613 | D:4      | Reached skill level 5 in Fighting
  2831 | D:4      | Reached skill level 7 in Axes
  2831 | D:4      | Reached XP level 6. HP: 50/56 MP: 5/5
  3165 | D:4      | Reached skill level 6 in Fighting
  3165 | D:4      | Reached skill level 8 in Axes
  3168 | D:4      | Reached XP level 7. HP: 63/63 MP: 6/6
  3469 | D:4      | Reached **** piety under Trog
  3599 | D:4      | Reached skill level 9 in Axes
  3684 | D:4      | Noticed a moth of wrath
  3688 | D:4      | Found a bloodstained altar of Trog.
  3794 | D:4      | Found Reib's Weapon Shoppe.
  4003 | D:5      | Entered Level 5 of the Dungeon
  4063 | D:5      | Reached skill level 7 in Fighting
  4079 | D:5      | Found a radiant altar of Vehumet.
  4136 | D:5      | Reached XP level 8. HP: 73/73 MP: 7/7
  4180 | D:5      | Found an iron altar of Okawaru.
  4203 | D:5      | Reached skill level 10 in Axes
  4217 | D:5      | Found a sacrificial altar of Ru.
  4619 | D:5      | Found a shattered altar of Ashenzari.
  4625 | D:5      | Got a scorched plate armour
  4650 | D:5      | Received a gift from Trog
  4707 | D:5      | Found an ancient bone altar of Kikubaaqudgha.
  4713 | D:5      | Found a white marble altar of Elyvilon.
  4769 | D:5      | Found a basalt altar of Yredelemnul.
  4793 | D:5      | Identified the cursed +0 plate armour "Kupsuikk" {Int+4} (You found it on level 5 of the Dungeon)
  4855 | D:6      | Found a staircase to the Ecumenical Temple.
  4864 | D:6      | Reached skill level 8 in Fighting
  4969 | D:6      | Reached skill level 11 in Axes
  5141 | D:6      | Noticed Menkaure
  5148 | D:6      | Killed Menkaure
  5153 | D:6      | Noticed Blork the orc
  5170 | D:6      | Killed Blork the orc
  5251 | D:6      | Identified the Almanac of Summoning
  5282 | D:6      | Found Etoim's Food Shoppe.
  5439 | D:6      | Noticed Edmund
  5458 | D:6      | Killed Edmund
  5540 | D:6      | Got a shimmering chain mail
  5575 | D:6      | Found a snail-covered altar of Cheibriados.
  5750 | D:7      | Reached XP level 9. HP: 80/82 MP: 8/8
  5753 | D:7      | Found Jaimyg's Jewellery Shop.
  5762 | D:7      | Found Udaitonk's Gadget Emporium.
  5780 | D:7      | Reached skill level 12 in Axes
  5820 | D:7      | Noticed p0werm0de's ghost (novice OpAE)
  5831 | D:7      | Killed p0werm0de's ghost
  5831 | D:7      | Reached skill level 9 in Fighting
  5951 | D:7      | Found Owujis's General Store.
  5983 | D:7      | Reached skill level 13 in Axes
  5998 | D:7      | Found Ogeorievepp's General Store.
  5998 | D:7      | Found Vesum's Distillery.
  6041 | D:7      | Found a sand-covered staircase.
  6048 | Ossuary  | Entered an ossuary
  6335 | D:7      | Bought a potion of mutation for 88 gold pieces
  6335 | D:7      | Bought a potion of heal wounds for 55 gold pieces
  6828 | D:8      | Reached skill level 10 in Fighting
  6897 | D:8      | Reached ***** piety under Trog
  6935 | D:8      | Reached skill level 14 in Axes
  7145 | D:8      | Reached XP level 10. HP: 93/93 MP: 9/9
  7177 | D:8      | Noticed a two-headed ogre
  7192 | D:8      | HP: 20/93 [two-headed ogre/great mace (10)]
  7195 | D:8      | Killed a two-headed ogre
  7506 | D:8      | Noticed a two-headed ogre
  7515 | D:8      | Killed a two-headed ogre
  7515 | D:8      | Reached skill level 15 in Axes
  7515 | D:8      | Reached skill level 3 in Armour
  7621 | D:8      | Reached skill level 4 in Armour
  8020 | D:8      | Found a staircase to the Lair.
  8104 | D:8      | Identified the +5 chain mail of the Wilderness {MR+ Str+3 Stlth+} (You found it on level 6 of the Dungeon)
  8168 | Lair:1   | Entered Level 1 of the Lair of Beasts
  8186 | Lair:1   | Got a jewelled scale mail
  8197 | Lair:1   | Identified the +5 scale mail of Cloud Cover {Str+4 Stlth+} (You found it on level 1 of the Lair of Beasts)
  8327 | Lair:1   | Noticed a spiny frog
  8334 | Lair:1   | Killed a spiny frog
  8365 | Lair:1   | Noticed a black mamba
  8378 | Lair:1   | Killed a black mamba
  8378 | Lair:1   | Reached skill level 5 in Armour
  8607 | Lair:1   | Noticed a seven-headed hydra
  8617 | Lair:1   | HP: 17/94 [nine-headed hydra (11)]
  8620 | Lair:1   | HP: 2/94 [nine-headed hydra (9)]
  8620 | Lair:1   | Slain by a nine-headed hydra

Vault maps used:
D:1:      minmay_arrival_pointy, st_stairs_11, minivault_5
D:2:      chequers_ecumenical_altar_island, minmay_pentomino_s2
D:3:      overflow_temple_1_default, xom_teletrap_fun
D:4:      corexii_shantytown, serial_shops, shop, first_bread, tgw_trog
D:5:      lemuel_doored_altar, lemuel_round_altar,
          nicolae_overflow_crystal_walls, nicolae_ru_path_of_blood,
          amethyst_overflow_temple_binary, vehumet_altar_wand_db
D:6:      kennysheep_mini_moat, temple_statues, serial_shops, shop, uniq_edmund,
          uniq_blork_the_orc, uniq_menkaure
D:7:      enter_ossuary_4, serial_shops, shop, kennysheep_little_box,
          shop_fountains, shop, shop
D:8:      lair_entry_dummy, hangedman_pestilent_swarm, grunt_decor_cap,
          minmay_checkerbox
Lair:1:   uniq_joseph
Ossuary:  ossuary_due_mausoleum

Skill      XL: |  1  2  3  4  5  6  7  8  9 10 |
---------------+-------------------------------+-----
Axes           | 4 5 6 7 8 9 11 14 15 | 15.9
Fighting       | 4 5 6 7 8 10 | 10.6
Armour         | 5 |  5.2
Dodging        | |  2.1

Action                   |  1- 3 |  4- 6 |  7- 9 | 10-12 || total
-------------------------+-------+-------+-------+-------++-------
Melee: Hand axe          |    75 |   132 |   154 |       ||   361
       Headbutt          |    16 |    24 |    70 |    22 ||   132
       War axe           |       |       |   238 |    95 ||   333
Invok: Berserk           |     2 |     2 |     2 |     2 ||     8
       Brothers in Arms  |       |       |     2 |     1 ||     3
  Use: Scroll            |       |       |    10 |    14 ||    24
 Stab: Sleeping          |       |     1 |       |       ||     1
  Eat: Royal jelly       |     1 |       |     1 |       ||     2
       Chunk             |       |     8 |    14 |     6 ||    28
       Fruit             |       |       |     1 |       ||     1
Armor: Animal skin       |    12 |    16 |       |       ||    28
       Chain mail        |       |     8 |    59 |    29 ||    96
       Plate armour      |       |       |   142 |    36 ||   178
Dodge: Dodged            |    52 |    64 |   132 |    48 ||   296
Block: Other             |       |       |       |     7 ||     7

Vault maps used:
D:1:      minmay_arrival_pointy, st_stairs_11, minivault_5
D:2:      chequers_ecumenical_altar_island, minmay_pentomino_s2
D:3:      overflow_temple_1_default, xom_teletrap_fun
D:4:      corexii_shantytown, serial_shops, shop, first_bread, tgw_trog
D:5:      lemuel_doored_altar, lemuel_round_altar,
          nicolae_overflow_crystal_walls, nicolae_ru_path_of_blood,
          amethyst_overflow_temple_binary, vehumet_altar_wand_db
D:6:      kennysheep_mini_moat, temple_statues, serial_shops, shop, uniq_edmund,
          uniq_blork_the_orc, uniq_menkaure
D:7:      enter_ossuary_4, serial_shops, shop, kennysheep_little_box,
          shop_fountains, shop, shop
D:8:      lair_entry_dummy, hangedman_pestilent_swarm, grunt_decor_cap,
          minmay_checkerbox
Lair:1:   uniq_joseph
Ossuary:  ossuary_due_mausoleum

Table legend:
 A = Turns spent in this place as a percentage of turns spent in the entire game.
 B = Non-inter-level travel turns spent in this place as a percentage of non-inter-level travel turns spent in the entire game.
 C = Inter-level travel turns spent in this place as a percentage of turns spent in this place.
 D = Turns resting spent in this place as a percentage of non-inter-level travel turns spent in this place.
 E = Turns spent auto-exploring this place as a percentage of non-inter-level travel turns spent in this place.
 F = Non-inter-level travel turns spent in this place divided by the number of levels of this place that you've seen.
                   A       B       C       D       E      F
               +-------+-------+-------+-------+-------+----------------------
         Total | 100.0 | 100.0 |   0.3 |   2.8 |   8.4 | 329.4
       Dungeon |  88.6 |  88.6 |   0.3 |   2.8 |   9.1 | 364.6
          Lair |   4.0 |   4.0 |   0.0 |   6.1 |   4.5 | 132.0
       Ossuary |   7.4 |   7.4 |   0.0 |   0.0 |   2.4 | 245.0
               +-------+-------+-------+-------+-------+----------------------

Table legend:
 A = Kills in this place as a percentage of kills in entire the game.
 B = Kills by you in this place as a percentage of kills by you in the entire game.
 C = Kills by friends in this place as a percentage of kills by friends in the entire game.
 D = Other kills in this place as a percentage of other kills in the entire game.
 E = Experience gained in this place as a percentage of experience gained in the entire game.
 F = Experience gained in this place divided by the number of levels of this place that you have seen.
                   A       B       C       D       E      F
               +-------+-------+-------+-------+-------+----------------------
         Total | 100.0 | 100.0 | 100.0 |  -nan | 100.0 | 1006.8
       Dungeon |  88.0 |  87.7 | 100.0 |  -nan |  82.8 | 1042.1
          Lair |   1.9 |   1.9 |   0.0 |  -nan |  14.9 | 1498.0
       Ossuary |  10.1 |  10.3 |   0.0 |  -nan |   2.3 | 233.0
               +-------+-------+-------+-------+-------+----------------------
